PL
BUFFALO WHITE WALKERS @ PORTLAND EVERGREENS
08/29/2041
 
TOP OF THE 1ST
Buffalo White Walkers batting - Pitching for Portland Evergreens : LHP Gerald Orlebar
Pitching: LHP Gerald Orlebar
Batting: LHB Jesús Lazcano 0-0: Swinging Strike
0-1: Foul Ball, location: 2F
0-2: SINGLE (Groundball, 23, EV 65.0 MPH) (infield hit)
Batting: RHB Tom Smythe 0-0: Ball
1-0: Ground out 3-1 (Groundball, 3, EV 103.1 MPH)
Jesús Lazcano to second
Batting: SHB Max Bortenschlager 0-0: Foul Ball, location: 2F
0-1: Ball
1-1: Called Strike
1-2: Fly out, F8 (Flyball, 8RD, EV 98.8 MPH)
Batting: SHB Je-myung Yu 0-0: Called Strike
0-1: Ball
1-1: Ball
2-1: Called Strike
2-2: Strikes out looking
Top of the 1st over - 0 runs, 1 hit, 0 errors, 1 left on base; Buffalo 0 - Portland 0
BOTTOM OF THE 1ST
Portland Evergreens batting - Pitching for Buffalo White Walkers : RHP Kent Good
Pitching: RHP Kent Good
Batting: RHB Orlando Velásquez 0-0: Ball
1-0: Called Strike
1-1: Swinging Strike
1-2: Foul Ball, location: 2F
1-2: Ball
2-2: Strikes out looking
Batting: LHB Fernando Soto 0-0: Foul Ball, location: 2F
0-1: Ball
1-1: Swinging Strike
1-2: Foul Ball, location: 2F
1-2: Ground out 1-3 (Groundball, 13S, EV 69.4 MPH)
Batting: RHB Kameron Guangorena 0-0: Foul Ball, location: 2F
0-1: Swinging Strike
0-2: Foul Ball, location: 2F
0-2: Strikes out swinging
Bottom of the 1st over - 0 runs, 0 hits, 0 errors, 0 left on base; Buffalo 0 - Portland 0
TOP OF THE 2ND
Buffalo White Walkers batting - Pitching for Portland Evergreens : LHP Gerald Orlebar
Batting: LHB Jorge Herrera 0-0: Called Strike
0-1: Ball
1-1: Ground out 4-3 (Groundball, 4, EV 83.1 MPH)
Batting: RHB Eddie Sachs 0-0: Foul Ball, location: 2F
0-1: Ground out 6-3 (Groundball, 6, EV 85.0 MPH)
Batting: RHB José Santos 0-0: Ball
1-0: Ball
2-0: Ball
3-0: SINGLE (Groundball, 34D, EV 95.0 MPH)
Batting: SHB Tom Dickinson 0-0: Ball
1-0: Ground out 6-3 (Groundball, 6D, EV 103.1 MPH)
Top of the 2nd over - 0 runs, 1 hit, 0 errors, 1 left on base; Buffalo 0 - Portland 0
BOTTOM OF THE 2ND
Portland Evergreens batting - Pitching for Buffalo White Walkers : RHP Kent Good
Batting: SHB Tetsu Matsumoto 0-0: Called Strike
0-1: Foul Ball, location: 2F
0-2: Fly out, F8 (Flyball, 8LD, EV 103.1 MPH)
Batting: RHB An-te-hai Qing 0-0: Called Strike
0-1: Ball
1-1: Ball
2-1: DOUBLE (Flyball, 8RXD, EV 91.2 MPH)
Batting: LHB Vicente Gomillion 0-0: Ball
1-0: Called Strike
1-1: Ball
2-1: Ground out 4-3 (Groundball, 34D, EV 102.5 MPH)
An-te-hai Qing to third
Batting: LHB Surender Nada 0-0: Called Strike
0-1: Ball
1-1: Ground out 4-3 (Groundball, 4S, EV 86.9 MPH)
Bottom of the 2nd over - 0 runs, 1 hit, 0 errors, 1 left on base; Buffalo 0 - Portland 0
TOP OF THE 3RD
Buffalo White Walkers batting - Pitching for Portland Evergreens : LHP Gerald Orlebar
Batting: RHB Luis Tañón 0-0: SINGLE (Groundball, 6MD, EV 101.9 MPH)
Batting: LHB Jesús Lazcano 0-0: Called Strike
0-1: Called Strike
0-2: Strikes out swinging
Batting: RHB Tom Smythe 0-0: Called Strike
0-1: Ball
1-1: Foul Ball, location: 2F
1-2: Ball
2-2: Foul Ball, location: 2F
2-2: Ball
3-2: Fielders Choice at 2nd, 2-4 (Groundball, 15S, EV 70.0 MPH)
Batting: SHB Max Bortenschlager 0-0: Called Strike
0-1: Ball
1-1: Ball
2-1: Fly out, F8 (Line Drive, 8LD, EV 93.8 MPH)
Top of the 3rd over - 0 runs, 1 hit, 0 errors, 1 left on base; Buffalo 0 - Portland 0
BOTTOM OF THE 3RD
Portland Evergreens batting - Pitching for Buffalo White Walkers : RHP Kent Good
Batting: LHB Leonid Machehin 0-0: Ball
1-0: Ball
2-0: Ball
3-0: Called Strike
3-1: Base on Balls
Batting: RHB Orlando Samundio 0-0: Ground out 4-3 (Groundball, 34, EV 101.9 MPH)
Leonid Machehin to second
Batting: RHB Orlando Velásquez 0-0: Ball
1-0: Ball
2-0: Ball
3-0: Called Strike
3-1: Called Strike
3-2: Strikes out swinging
Batting: LHB Fernando Soto 0-0: Ball
1-0: Swinging Strike
1-1: Called Strike
1-2: Strikes out looking
Bottom of the 3rd over - 0 runs, 0 hits, 0 errors, 1 left on base; Buffalo 0 - Portland 0
TOP OF THE 4TH
Buffalo White Walkers batting - Pitching for Portland Evergreens : LHP Gerald Orlebar
Batting: SHB Je-myung Yu 0-0: Called Strike
0-1: Called Strike
0-2: Ground out 5-3 (Groundball, 5, EV 84.4 MPH)
Batting: LHB Jorge Herrera 0-0: Called Strike
0-1: Foul Ball, location: 2F
0-2: Ball
1-2: Ball
2-2: SINGLE (Groundball, 34D, EV 97.5 MPH)
Batting: RHB Eddie Sachs 0-0: Grounds into double play, 1-4-3 (Groundball, P, EV 87.5 MPH)
Top of the 4th over - 0 runs, 1 hit, 0 errors, 0 left on base; Buffalo 0 - Portland 0
BOTTOM OF THE 4TH
Portland Evergreens batting - Pitching for Buffalo White Walkers : RHP Kent Good
Batting: RHB Kameron Guangorena 0-0: Ground out U3 (Groundball, 34S, EV 77.5 MPH)
Batting: SHB Tetsu Matsumoto 0-0: Ball
1-0: Swinging Strike
1-1: Fly out, F5 (Popup, 5, EV 57.5 MPH)
Batting: RHB An-te-hai Qing 0-0: Swinging Strike
0-1: Called Strike
0-2: Ball
1-2: Ball
2-2: Strikes out swinging, 2-3 out at first.
Bottom of the 4th over - 0 runs, 0 hits, 0 errors, 0 left on base; Buffalo 0 - Portland 0
TOP OF THE 5TH
Buffalo White Walkers batting - Pitching for Portland Evergreens : LHP Gerald Orlebar
Batting: RHB José Santos 0-0: Called Strike
0-1: Fly out, F9 (Flyball, 9LS, EV 88.8 MPH)
Batting: SHB Tom Dickinson 0-0: Called Strike
0-1: Ball
1-1: Called Strike
1-2: Ball
2-2: Strikes out looking
Batting: RHB Luis Tañón 0-0: Foul Ball, location: 2F
0-1: Ball
1-1: Called Strike
1-2: Ball
2-2: Strikes out looking
Top of the 5th over - 0 runs, 0 hits, 0 errors, 0 left on base; Buffalo 0 - Portland 0
BOTTOM OF THE 5TH
Portland Evergreens batting - Pitching for Buffalo White Walkers : RHP Kent Good
Batting: LHB Vicente Gomillion 0-0: Ball
1-0: Ball
2-0: Ball
3-0: Base on Balls
Batting: LHB Surender Nada 0-0: Called Strike
0-1: Ball
1-1: Foul Ball, location: 2F
1-2: Foul Ball, location: 2F
1-2: DOUBLE (Flyball, 8LXD, EV 104.4 MPH)
Vicente Gomillion to third
Batting: LHB Leonid Machehin 0-0: Ball
1-0: Swinging Strike
1-1: Ground out U3 (Groundball, 3, EV 85.6 MPH)
Batting: RHB Orlando Samundio 0-0: Ball
1-0: Ball
2-0: Foul Ball, location: 2F
2-1: Foul Ball, location: 2F
2-2: Reached via error on a dropped throw from SS, E3 (Groundball, 56, EV 84.4 MPH)
Vicente Gomillion scores
Surender Nada to third
Batting: RHB Orlando Velásquez 0-0: Called Strike
0-1: Ball
1-1: Grounds into double play, 5-4-3 (Groundball, 5L, EV 110.0 MPH)
Bottom of the 5th over - 1 run, 1 hit, 1 error, 1 left on base; Buffalo 0 - Portland 1
TOP OF THE 6TH
Buffalo White Walkers batting - Pitching for Portland Evergreens : LHP Gerald Orlebar
Batting: LHB Jesús Lazcano 0-0: Called Strike
0-1: Ground out 4-3 (Groundball, 4, EV 87.5 MPH)
Batting: RHB Tom Smythe 0-0: Ball
1-0: Foul Ball, location: 2F
1-1: Ball
2-1: SOLO HOME RUN (Flyball, 78XD, EV 86.9 MPH), Distance : 400 ft
Batting: SHB Max Bortenschlager 0-0: Ball
1-0: Ground out U3 (Groundball, 3, EV 88.8 MPH)
Batting: SHB Je-myung Yu 0-0: Foul Ball, location: 2F
0-1: Ball
1-1: Swinging Strike
1-2: Ball
2-2: Fly out, F1 (Popup, P, EV 80.0 MPH)
Top of the 6th over - 1 run, 1 hit, 0 errors, 0 left on base; Buffalo 1 - Portland 1
BOTTOM OF THE 6TH
Portland Evergreens batting - Pitching for Buffalo White Walkers : RHP Kent Good
Batting: LHB Fernando Soto 0-0: Called Strike
0-1: Called Strike
0-2: Foul Ball, location: 2F
0-2: Ball
1-2: Strikes out swinging
Pitching: RHP Jeff Mahl
Batting: RHB Kameron Guangorena 0-0: Ball
1-0: Called Strike
1-1: Fly out, F6 (Flyball, 6MD, EV 86.2 MPH)
Batting: SHB Tetsu Matsumoto 0-0: Ball
1-0: Ball
2-0: Ground out 6-3 (Groundball, 6M, EV 104.4 MPH)
Bottom of the 6th over - 0 runs, 0 hits, 0 errors, 0 left on base; Buffalo 1 - Portland 1
TOP OF THE 7TH
Buffalo White Walkers batting - Pitching for Portland Evergreens : LHP Gerald Orlebar
Batting: LHB Jorge Herrera 0-0: Ball
1-0: Foul Ball, location: 2F
1-1: SINGLE (Line Drive, 78S, EV 103.1 MPH)
Pitching: LHP Raúl Romero
Batting: RHB Eddie Sachs 0-0: Ball
1-0: SINGLE (Groundball, 6D, EV 99.4 MPH)
Jorge Herrera to second
Batting: RHB José Santos 0-0: Called Strike
0-1: Foul Ball, location: 2F
0-2: Fly out, F9 (Flyball, 9S, EV 95.0 MPH)
Batting: SHB Tom Dickinson 0-0: Called Strike
0-1: Ball
1-1: SINGLE (Groundball, 6MD, EV 106.9 MPH)
Jorge Herrera to third
Eddie Sachs to second
Runner from 3rd tries for Home, SAFE, no throw by CF
Batting: RHB Luis Tañón 0-0: Fly out, F8 (Line Drive, 8RD, EV 87.5 MPH)
Runner from 2nd tags up, SAFE at 3rd with throw by CF
Batting: LHB Jesús Lazcano 0-0: Fielders Choice at 2nd, 5-4 (Groundball, 56, EV 110.0 MPH)
Top of the 7th over - 1 run, 3 hits, 0 errors, 2 left on base; Buffalo 2 - Portland 1
BOTTOM OF THE 7TH
Portland Evergreens batting - Pitching for Buffalo White Walkers : RHP Jeff Mahl
Batting: RHB An-te-hai Qing 0-0: Ball
1-0: Swinging Strike
1-1: Swinging Strike
1-2: Foul Ball, location: 2F
1-2: SOLO HOME RUN (Flyball, 7D, EV 108.8 MPH), Distance : 390 ft
Batting: LHB Vicente Gomillion 0-0: Ball
1-0: Ball
2-0: Ball
3-0: Base on Balls
Batting: LHB Surender Nada 0-0: Ball
1-0: Ball
2-0: Ball
3-0: Base on Balls
Vicente Gomillion to second
Batting: LHB Leonid Machehin 0-0: Swinging Strike
0-1: Foul Ball, location: 2F
0-2: Strikes out looking
Batting: RHB Orlando Samundio 0-0: Called Strike
0-1: Ball
1-1: SINGLE (Groundball, 6MD, EV 94.4 MPH)
Vicente Gomillion to third
Surender Nada to second
Runner from 3rd tries for Home, SAFE, no throw by CF
Pinch Runner at 2nd David Milliken:
Batting: RHB Orlando Velásquez 0-0: Foul Ball, location: 2F
0-1: Swinging Strike
0-2: Ball
1-2: Strikes out swinging
Batting: LHB Fernando Soto 0-0: Ball
1-0: Fly out, F9 (Flyball, 89D, EV 103.1 MPH)
Bottom of the 7th over - 2 runs, 2 hits, 0 errors, 2 left on base; Buffalo 2 - Portland 3
TOP OF THE 8TH
Buffalo White Walkers batting - Pitching for Portland Evergreens : LHP Raúl Romero
Batting: RHB Tom Smythe 0-0: Ball
1-0: Foul Ball, location: 2F
1-1: Foul Ball, location: 2F
1-2: Ball
2-2: Ground out 6-3 (Groundball, 6, EV 78.8 MPH)
Batting: SHB Max Bortenschlager 0-0: Ball
1-0: Ball
2-0: Called Strike
2-1: Fly out, F8 (Line Drive, 8LM, EV 91.9 MPH)
Batting: SHB Je-myung Yu 0-0: Foul Ball, location: 2F
0-1: Swinging Strike
0-2: Strikes out swinging
Top of the 8th over - 0 runs, 0 hits, 0 errors, 0 left on base; Buffalo 2 - Portland 3
BOTTOM OF THE 8TH
Portland Evergreens batting - Pitching for Buffalo White Walkers : RHP Jeff Mahl
Batting: RHB Kameron Guangorena 0-0: Ball
1-0: Ball
2-0: Foul Ball, location: 2F
2-1: Foul Ball, location: 2F
2-2: Ball
3-2: Strikes out swinging
Batting: SHB Tetsu Matsumoto 0-0: Ball
1-0: Ball
2-0: Ball
3-0: Called Strike
3-1: Called Strike
3-2: SINGLE (Groundball, 34D, EV 107.5 MPH)
Batting: RHB An-te-hai Qing 0-0: Ball
1-0: Ball
2-0: Fly out, F8 (Line Drive, 8RD, EV 106.9 MPH)
Batting: LHB Vicente Gomillion 0-0: Ball
Wild Pitch!
Tetsu Matsumoto to second
1-0: Foul Ball, location: 2F
1-1: Ball
2-1: Ball
3-1: Base on Balls
Pinch Runner at 2nd Roland Reece:
Batting: RHB David Milliken 0-0: Fielders Choice at 2nd, 6-4 (Groundball, 6, EV 81.2 MPH)
Bottom of the 8th over - 0 runs, 1 hit, 0 errors, 2 left on base; Buffalo 2 - Portland 3
TOP OF THE 9TH
Buffalo White Walkers batting - Pitching for Portland Evergreens : LHP Raúl Romero
Now at 1B: Gene Wilson
Now at 2B: Roland Reece
Batting: LHB Jorge Herrera 0-0: Ball
1-0: Foul Ball, location: 2F
1-1: Ball
2-1: Called Strike
2-2: Ball
3-2: Base on Balls
Batting: RHB Eddie Sachs 0-0: Foul Ball, location: 2F
0-1: Ball
1-1: Ball
2-1: Foul Ball, location: 2F
2-2: Ball
3-2: Strikes out swinging
Batting: RHB José Santos 0-0: Called Strike
0-1: Ball
1-1: Swinging Strike
1-2: Strikes out swinging
Batting: SHB Tom Dickinson 0-0: Ball
1-0: Ball
2-0: Called Strike
2-1: Swinging Strike
2-2: Ground out 4-3 (Groundball, 34, EV 100.6 MPH)
Top of the 9th over - 0 runs, 0 hits, 0 errors, 1 left on base; Buffalo 2 - Portland 3
Tuesday, January 5th, 2021 - OOTP Baseball 20.8 Build 74